 Dungeon Crawl Stone Soup version 0.15.2 (webtiles) character file.

65 HAWKINGL3623 the Firebug (level 3, 0/25 HPs)
             Began as a Mummy Fire Elementalist on Feb 22, 2016.
             Slain by a quokka (4 damage)
             ... on Level 2 of the Dungeon.
             The game lasted 00:09:32 (3071 turns).

HAWKINGL3623 the Firebug (Mummy Fire Elementalist)  Turns: 3071, Time: 00:09:32

HP   0/25        AC  2     Str 11      XL: 3   Next: 92%
MP   5/6         EV 12     Int 15      God:
Gold 121         SH  0     Dex 12      Spells:  2 memorised,  3 levels left

rFire  x . .     SeeInvis .     e - +0 dagger
rCold  + . .     Clarity  .     a - +0 robe
rNeg   + + +     rCorr    .     (no shield)
rPois  +         rRot     +     (no helmet)
rElec  .         Spirit   .     (no cloak)
SustAb .         Warding  .     (no gloves)
rMut   .         Stasis   .     (no boots)
Gourm  .                        (no amulet)
MR     .....                    (no ring)
                                (no ring)

@: not resistant to hostile enchantments, unstealthy
A: no food or potions, fire vulnerability, restore body, cold resistance 1,
negative energy resistance 3, poison resistance, torment resistance, unbreathing
a: no special abilities


You were on level 2 of the Dungeon.
You were not hungry.

You visited 1 branch of the dungeon, and saw 2 of its levels.

You collected 121 gold pieces.

Inventory:

Hand weapons
 d - a +0 club
 e - a +0 dagger (weapon)
Missiles
 f - 19 poisoned needles
Armour
 a - a +0 robe (worn)
Magical devices
 h - a wand of random effects (11) {unknown}
Scrolls
 c - 2 scrolls of identify
 g - a scroll of recharging
Books
 b - a book of Flames

   Spells                             Type                      Level
   *Flame Tongue                      Conjuration/Fire             1
   *Throw Flame                       Conjuration/Fire             2
   Conjure Flame                      Conjuration/Fire             3
   Inner Flame                        Hexes/Fire                   3
   Sticky Flame                       Conjuration/Fire             4
   Fireball                           Conjuration/Fire             5


   Skills:
 + Level 0.6 Fighting
 + Level 2.3 Dodging
 + Level 1.6 Stealth
 + Level 2.1 Spellcasting
 + Level 1.2 Conjurations
 + Level 3.1 Fire Magic


You had 3 spell levels left.
You knew the following spells:

 Your Spells              Type           Power        Failure   Level  Hunger
a - Flame Tongue          Conj/Fire      #....        12%         1    N/A
b - Throw Flame           Conj/Fire      #.....       14%         2    N/A

Dungeon Overview and Level Annotations

Branches:
Dungeon (2/15)

Altars:


Innate Abilities, Weirdness & Mutations

You do not eat or drink.
Your flesh is vulnerable to fire.
Your flesh is cold resistant.
You are immune to negative energy.
Your system is resistant to poisons.
You are immune to unholy pain and torment.
You can survive without breathing.


Message History

You hit the quokka.
The quokka is moderately wounded.
The quokka bites you. x2
* * * LOW HITPOINT WARNING * * *
You closely miss the quokka.
The quokka is moderately wounded.
The quokka barely misses you.
You completely miss the quokka.
The quokka is moderately wounded.
The quokka bites you.
* * * LOW HITPOINT WARNING * * *
Casting: Flame Tongue
Confirm with . or Enter, or press ? or * to list all spells.
Aiming: Flame Tongue
Press: ? - help, Shift-Dir - straight line, f - quokka
Aim: a quokka (moderately wounded)
The flame tongue hits the quokka.
The quokka appears unharmed.
The quokka is moderately wounded.
The quokka bites you.
You die...

.........######################
#######...)....................
#####...######################
.......#.##### .........##..##
.........#....#######
......................
.$......#.#...##.####
.......#...#.@...#
.......###.###r....... .......
#..$ ....... .....$
#.#.##..##.. .#### #.#.. ...# #
#.# #.... #.# ..# #.


You could see a quokka.

Vanquished Creatures
  An adder (D:2)
  2 oozes
  10 hobgoblins
  8 jackals (D:1)
  6 kobolds
  A ball python (D:1)
  2 bats (D:1)
  2 giant cockroaches (D:1)
  5 giant newts (D:1)
  5 goblins
  9 rats (D:1)
51 creatures vanquished.

Notes
Turn   | Place    | Note
--------------------------------------------------------------
     0 | D:1      | HAWKINGL3623, the Mummy Fire Elementalist, began the quest for the Orb.
     0 | D:1      | Reached XP level 1. HP: 13/13 MP: 3/3
   579 | D:1      | Reached XP level 2. HP: 11/19 MP: 2/4
   992 | D:1      | Learned a level 2 spell: Throw Flame
  1064 | D:1      | Reached skill level 3 in Fire Magic
  1590 | D:1      | Reached skill level 1 in Conjurations
  1590 | D:1      | Reached XP level 3. HP: 2/24 MP: 0/6
  3071 | D:2      | Slain by a quokka

Action                   || total
-------------------------++-------
Melee: Club              ||    15
       Dagger            ||   150
 Cast: Flame Tongue      ||    45
       Throw Flame       ||    11
  Use: Scroll            ||     5
